 Dungeon Crawl Stone Soup version 0.29.1-2-gbd0b4ee654 (webtiles) character file.

Game seed: 17376438837086791395

8708 hawla the Frost Mage (level 11, -2/90 HPs)
             Began as a Meteoran Ice Elementalist on Oct 26, 2022.
             Succumbed to a redback's poison
             ... on level 2 of the Lair of Beasts.
             The game lasted 00:26:19 (5279 turns).

hawla the Frost Mage (Meteoran Ice Elementalist)    Turns: 5279, Time: 00:26:19

Health: -2/90      AC:  6    Str:  7    XL:     11   Next: 91%
Magic:  21/24      EV: 19    Int: 32    God:
Gold:   439        SH:  0    Dex: 19    Spells: 10/27 levels left

rFire   + + .      SeeInvis .   q - +7 quarterstaff "Atudiog" {speed, rElec Str-3 Int+4 Dex+5}
rCold   + . .      Faith    .   (shield currently unavailable)
rNeg    . . .      Spirit   .   a - +1 robe
rPois   .          Reflect  .   (no helmet)
rElec   +          Harm     .   c - scarf {rC+ rF+}
rCorr   .          Rampage  .   u - +0 pair of gloves
Will    +....                   b - +1 pair of boots
Stlth   +.........              (no amulet)
HPRegen 0.25/turn               k - +4 ring of evasion
MPRegen 0.19/turn               j - +6 ring of intelligence

@: mighty, lethally poisoned (-2 -> -95), freezing walls, glowing
A: sense surroundings 2, otherworldly, glowing, explore regen, fire resistance
1, robust 1, wild magic 1
a: no special abilities


You were on level 2 of the Lair of Beasts.
You visited 3 branches of the dungeon, and saw 11 of its levels.
You also visited: Sewer.

You collected 439 gold pieces.

Inventory:

Hand Weapons
 q - the +7 quarterstaff "Atudiog" (weapon) {speed, rElec Str-3 Int+4 Dex+5}
   (You found it in a sewer)

   Attacks with this weapon are significantly faster.
   Str:       It affects your strength (-3).
   Int:       It affects your intelligence (+4).
   Dex:       It affects your dexterity (+5).
   rElec:     It insulates you from electricity.
Armour
 a - a +1 robe (worn)
 b - a +1 pair of boots (worn)
 c - a scarf of resistance (worn)
 u - a +0 pair of gloves (worn)
Magical Staves
 e - a staff of death
 s - a staff of conjuration
 t - a staff of poison
Jewellery
 h - a ring of willpower
 j - a +6 ring of intelligence (right hand)
 k - a +4 ring of evasion (left hand)
 n - a ring of resist corrosion
Wands
 l - a wand of flame (8)
 r - a wand of polymorph (6)
Scrolls
 d - a scroll of teleportation
 g - 6 scrolls of identify
 m - 2 scrolls of immolation {unknown}
 o - 2 scrolls of silence
 v - a scroll of fear
Potions
 i - 2 potions of haste


   Skills:
 + Level 3.5 Fighting
 + Level 7.3 Staves
 + Level 6.0 Dodging
 - Level 1.4 Stealth
 - Level 0.7 Unarmed Combat
 + Level 8.7 Spellcasting
 + Level 3.7 Conjurations
 + Level 11.0 Ice Magic
 + Level 10.9 Air Magic


You had 10 spell levels left.
You knew the following spells:

 Your Spells              Type           Power      Damage    Failure   Level
a - Freeze                Ice            100%       1d11      1%          1
b - Frozen Ramparts       Ice            100%       1d16      1%          3
c - Hailstorm             Conj/Ice       68%        3d14      3%          4
d - Airstrike             Air            41%        2d(6-22)  1%          4
e - Lightning Bolt        Conj/Air       34%        1d51      8%          5

Your spell library contained the following spells:

 Spells                   Type           Power      Damage    Failure   Level
 Ozocubu's Armour         Ice            83%        N/A       1%          3
 Summon Lightning Spire   Summ/Air       59%        N/A       6%          4
 Conjure Flame            Conj/Fire      33%        6-21      8%          3
 Ignite Poison            Fire/Tmut/Pois 18%        N/A       16%         3
 Sticky Flame             Conj/Fire      33%        2d5       22%         4


Dungeon Overview and Level Annotations

Branches:
Dungeon (8/15) Zot: 412    Temple (1/1) D:7 Zot: 559    Lair (2/5) D:8 Zot: 488
 Spider (0/4) Lair:2        Sewer (visited)
  Swamp: Lair:2-3    Shoals: Lair:2-3

Altars:
Ashenzari
Dithmenos
Elyvilon
Fedhas
Gozag
Hepliaklqana
Kikubaaqudgha
Makhleb
Nemelex Xobeh
Okawaru
Qazlal
Ru
Sif Muna
Trog
Uskayaw
Vehumet
Xom
Yredelemnul
Zin
The Shining One


Innate Abilities, Weirdness & Mutations

You passively map the area around you.
You are easily found by Zot.
You glow in the dark.
You regain HP and MP as you explore.
Your flesh is heat resistant. (rF+)
You are robust. (+10% HP)
Your spells are a little harder to cast, but a little more powerful.


Message History

The air twists around and strikes the yak!!
You kill the yak!
The frozen ramparts melt away.
You see here a yak corpse.
A redback comes into view.
A redback is nearby!
A redback is nearby!
A redback is nearby!
You are too injured to fight recklessly!
Unknown command.
Okay, then.
You start waiting.
A redback is nearby!
A redback is nearby!
A redback is nearby!
A redback is nearby!
A redback is nearby!
A redback is nearby!
You see here a yak corpse.
You see here a yak corpse.
The redback barely misses you.
Casting: Airstrike (mildly dangerous; 1% risk of failure)
Confirm with . or Enter, or press ? or * to list all spells.
Casting: Frozen Ramparts (safe; 1% risk of failure)
Press: ? - help, Dir - look around, f - activate The walls around you are covered in ice.
The wall freezes the redback but does no damage.
The redback bites you!
You are lethally poisoned!
The redback poisons you!
The wall freezes the redback.
The redback bites you!
You feel very mighty all of a sudden.
* * * LOW HITPOINT WARNING * * *
You feel extremely sick.
The wall freezes the redback.
The redback bites you!
* * * LOW HITPOINT WARNING * * *
You are more poisoned.
The redback poisons you!
You sock the redback!
The redback is heavily wounded.
You die...

### ######.###### *###
#.##.##..##.#####.P#####
...†...........s@......#
...††......P..+###..#P.#
##...###...##..### ## *
###.###..^###...#### *
#.##....# #.....P# * ,
..###....##.....##
....#...###......# ,
.........##......## ,
,....#......†.†....#* *


You could see a redback.

Vanquished Creatures
  A hydra (Lair:1)
  A black mamba (Lair:1)
  4 cane toads
  4 komodo dragons (Lair:1)
  4 blink frogs (Lair:2)
  Sigmund (D:5)
  4 yaks (Lair:2)
  A wyvern (Lair:1)
  3 wraiths (D:6)
  A basilisk (Lair:1)
  Menkaure (D:5)
  5 water moccasins
  3 black bears
  A sky beast (D:7)
  2 ice beasts
  6 wolves (Lair:1)
  2 ogres (D:5)
  2 centaurs
  2 phantoms
  Blork the orc (D:4)
  4 bullfrogs
  A scorpion (D:5)
  2 electric eels
  2 howler monkeys
  A bullfrog zombie (D:6)
  3 hounds
  A quasit (D:6)
  2 orc priests
  A gnoll bouda (D:6)
  4 jellies
  2 iguanas
  An orc wizard (D:8)
  Robin (D:2)
  3 gnolls (D:6)
  8 adders
  4 shadow imps
  3 white imps (D:6)
  4 ufetubi (D:6)
  2 worms
  21 orcs
  10 bats
  9 endoplasms
  4 giant cockroaches
  14 goblins
  9 hobgoblins
  11 kobolds
  6 quokkas
  7 ball pythons
  5 frilled lizards
  4 rats (D:1)
198 creatures vanquished.

Vanquished Creatures (others)
  2 demonic plants (D:6)
  4 fungi
6 creatures vanquished.

Grand Total: 204 creatures vanquished

Notes
Turn   | Place    | Note
-------+----------+-------------------------------------------
     0 | D:1      | hawla the Meteoran Ice Elementalist began the quest for the
                  | Orb.
     0 | D:1      | Reached XP level 1. HP: 14/14 MP: 5/5
    87 | D:1      | Reached XP level 2. HP: 19/20 MP: 3/6
   202 | D:1      | Reached XP level 3. HP: 22/26 MP: 5/8
   206 | D:1      | Learned a level 3 spell: Frozen Ramparts
   293 | D:1      | Found a faded altar of an unknown god.
   362 | D:1      | Reached skill level 5 in Ice Magic
   500 | D:1      | Glimpsed the power of Zot.
   536 | D:2      | Reached XP level 4. HP: 31/33 MP: 2/10
   537 | D:2      | Identified the +0 helmet "Omumawk" {Stlth+}
   537 | D:2      | Noticed Robin
   558 | D:2      | Killed Robin
   645 | D:2      | Reached XP level 5. HP: 38/38 MP: 9/12
   664 | D:2      | Identified the +1 ring mail of Evolution {rC+}
   752 | D:2      | Found a bloodstained altar of Trog.
   875 | D:2      | Learned a level 4 spell: Hailstorm
  1101 | D:2      | Glimpsed the power of Zot.
  1366 | D:3      | Gained mutation: Your spells are a little harder to cast,
                  | but a little more powerful. [potion of mutation]
  1366 | D:3      | Gained mutation: You are robust. (+10% HP) [potion of
                  | mutation]
  1366 | D:3      | Gained mutation: Your flesh is heat resistant. (rF+)
                  | [potion of mutation]
  1369 | D:3      | Reached skill level 6 in Ice Magic
  1369 | D:3      | Reached XP level 6. HP: 6/49 MP: 2/13
  1554 | D:3      | Reached skill level 1 in Conjurations
  1702 | D:3      | Glimpsed the power of Zot.
  1833 | D:4      | Reached skill level 7 in Ice Magic
  2127 | D:4      | Reached XP level 7. HP: 55/55 MP: 4/14
  2211 | D:4      | Noticed Blork the orc
  2214 | D:4      | Killed Blork the orc
  2303 | D:4      | Glimpsed the power of Zot.
  2337 | D:5      | Entered Level 5 of the Dungeon
  2337 | D:5      | Noticed Sigmund
  2341 | D:5      | Killed Sigmund
  2342 | D:5      | Reached skill level 8 in Ice Magic
  2358 | D:5      | Found a glowing silver altar of Zin.
  2358 | D:5      | Noticed an angel
  2392 | D:5      | Reached XP level 8. HP: 62/62 MP: 12/15
  2416 | D:5      | Found a shimmering altar of Xom.
  2515 | D:5      | Reached skill level 9 in Ice Magic
  2577 | D:5      | Noticed Menkaure
  2588 | D:5      | Killed Menkaure
  2589 | D:5      | Reached skill level 1 in Staves
  2589 | D:5      | Reached skill level 5 in Spellcasting
  2698 | D:5      | Reached skill level 1 in Fighting
  2698 | D:5      | Gained mutation: You passively map the area around you.
                  | [Meteoran growth]
  2698 | D:5      | Reached XP level 9. HP: 23/70 MP: 5/18
  2842 | D:5      | Found a glowing drain.
  2852 | Sewer    | Entered a sewer
  2902 | Sewer    | Identified the +7 quarterstaff "Atudiog" {speed, rElec
                  | Str-3 Int+4 Dex+5}
  2990 | D:5      | Glimpsed the power of Zot.
  3033 | D:6      | Found an opulent altar of Gozag.
  3048 | D:6      | Reached skill level 10 in Ice Magic
  3163 | D:6      | Found a shadowy altar of Dithmenos.
  3223 | D:6      | Identified the +4 ring mail "Giahog" {Harm rC+ Regen+
                  | Int+2}
  3256 | D:6      | Found an ancient bone altar of Kikubaaqudgha.
  3322 | D:6      | Found a transporter.
  3328 | D:6      | Found a basalt altar of Yredelemnul.
  3407 | D:6      | Found a transporter.
  3441 | D:6      | Reached skill level 5 in Dodging
  3489 | D:6      | Reached XP level 10. HP: 78/81 MP: 11/20
  3601 | D:6      | Glimpsed the power of Zot.
  3617 | D:7      | Found a sacrificial altar of Ru.
  3630 | D:7      | Found a radiant altar of Vehumet.
  3678 | D:7      | Reached skill level 5 in Staves
  3847 | D:7      | Found a staircase to the Ecumenical Temple.
  3982 | D:7      | Found a shimmering blue altar of Sif Muna.
  4213 | D:7      | Glimpsed the power of Zot.
  4221 | Temple   | Entered the Ecumenical Temple
  4505 | D:8      | Found a staircase to the Lair.
  4533 | D:8      | Learned a level 4 spell: Airstrike
  4542 | Lair:1   | Entered Level 1 of the Lair of Beasts
  4575 | Lair:1   | Noticed a komodo dragon
  4575 | Lair:1   | Noticed a black mamba
  4595 | Lair:1   | Killed a black mamba
  4602 | Lair:1   | Killed a komodo dragon
  4603 | Lair:1   | Reached skill level 5 in Air Magic
  4708 | Lair:1   | Noticed a cane toad
  4711 | Lair:1   | Killed a cane toad
  4713 | Lair:1   | Noticed a komodo dragon
  4718 | Lair:1   | Killed a komodo dragon
  4724 | Lair:1   | Noticed a cane toad
  4735 | Lair:1   | Killed a cane toad
  4744 | Lair:1   | Reached XP level 11. HP: 42/89 MP: 4/22
  4813 | Lair:1   | Reached skill level 10 in Air Magic
  4955 | Lair:1   | Noticed a four-headed hydra
  4964 | Lair:1   | Learned a level 5 spell: Lightning Bolt
  4980 | Lair:1   | Killed a four-headed hydra
  5060 | Lair:1   | Glimpsed the power of Zot.
  5111 | Lair:1   | Glimpsed the power of Zot.
  5237 | Lair:2   | Reached skill level 11 in Ice Magic
  5279 | Lair:2   | Succumbed to a redback's poison

Illustrated notes

Levels and vault maps discovered:
D:1:      dpeg_arrival_arbitrary_c, layout_basic,
          hellmonk_ecumenical_altar_arch_garden
D:2:      layout_loops_ring, basic_altar, grunt_decor_mini_mirrors,
          minmay_increasing_density, uniq_robin
D:3:      layout_basic, mainiacjoe_overflow_paths
D:4:      kb_forest_paths, layout_loops_corners, uniq_blork_the_orc
D:5:      layout_basic, grunt_temple_overflow_order_and_chaos_1,
          cheibrodos_sewer_entry_bend, uniq_sigmund, uniq_menkaure
D:6:      layout_basic, gammafunk_temple_of_torment,
          nicolae_dithmenos_shadow_blocks, grunt_gozag_breadcrumbs,
          serial_demonic, serial_demonic_e, serial_demonic_f, serial_demonic_g,
          serial_demonic_e, serial_demonic_b, serial_demonic_d
D:7:      layout_gridville, mainiacjoe_overflow_catwalk_spiral,
          mainiacjoe_overflow_alcove_4, minmay_temple_entry_trees
D:8:      layout_loops_corners, nzn_wu_jian_contemplation, lair_entry_dummy,
          kennysheep_cross_room, amcnicky_mini_pool_medium
Temple:   hellmonk_temple_of_storms
Lair:1:   layout_regular_city, grunt_forest_small_clearings,
          nicolae_lair_lakeside_cave, grunt_megastairs_4
Lair:2:   nzn_winding_woodlands_stair_cross
          [nzn_winding_woodlands_5x15_pathside_ponds,
          nzn_winding_woodlands_center_diamonds,
          nzn_winding_woodlands_5x15_default,
          nzn_winding_woodlands_5x5_checkerboard,
          nzn_winding_woodlands_hourglass, nzn_winding_woodlands_5x15_longhouse,
          nzn_winding_woodlands_center_pierced_h,
          nzn_winding_woodlands_5x15_parted], layout_regular_city,
          skrybe_swamp_entry_bodies, spider_nest_entry_a, beast_lair_carwin_6,
          lemuel_fruit_tree, infiniplex_staircase_pool

Skill      XL: |  1  2  3  4  5  6  7  8  9 10 11 |
---------------+----------------------------------+-----
Spellcasting   | 3 4 5 6 7 8 |  8.7
Ice Magic      | 5 6 7 8 9 10 11 | 11.0
Conjurations   | 1 2 3 |  3.7
Staves         | 1 4 6 7 |  7.3
Dodging        | 3 5 6 |  6.0
Fighting       | 1 2 3 |  3.5
Air Magic      | 8 10 | 10.9
Stealth        | |  1.4
Unarmed Combat | |  0.7

Action                   |  1- 3 |  4- 6 |  7- 9 | 10-12 || total
-------------------------+-------+-------+-------+-------++-------
Melee: Unarmed           |    10 |    50 |     2 |       ||    62
       Punch             |       |     2 |       |       ||     2
       Quarterstaff      |       |       |   114 |   116 ||   230
 Cast: Freeze            |    29 |    29 |    10 |     2 ||    70
       Frozen Ramparts   |     7 |    24 |    14 |    18 ||    63
       Hailstorm         |       |    12 |     7 |    15 ||    34
       Airstrike         |       |       |       |    11 ||    11
  Use: Scroll            |     5 |     4 |     6 |     4 ||    19
       Potion            |       |     4 |     1 |     4 ||     9
 Stab: Sleeping          |       |       |       |     1 ||     1
Armor: Robe              |    14 |    19 |    52 |    28 ||   113
Dodge: Dodged            |    27 |    54 |   150 |   119 ||   350
